 Dungeon Crawl Stone Soup version 0.27.1-34-g3ba077fa99 (webtiles) character file.

Game seed: 10968117987530968950

497 Arum the Stinger (level 7, -1/46 HPs)
             Began as a Formicid Venom Mage on Jan 8, 2022.
             Slain by a black bear (3 damage)
             ... on level 4 of the Dungeon.
             The game lasted 00:12:58 (4851 turns).

Arum the Stinger (Formicid Venom Mage)              Turns: 4851, Time: 00:12:58

Health: -1/46      AC:  2    Str: 13    XL:     7   Next: 38%
Magic:  1/14       EV: 12    Int: 16    God:
Gold:   132        SH:  0    Dex: 11    Spells: 6/16 levels left

rFire    . . .     SeeInvis +   o - +1 whip (pain)
rCold    . . .     Faith    .   (no shield)
rNeg     . . .     Spirit   .   a - +0 robe
rPois    .         Reflect  .   (helmet unavailable)
rElec    .         Harm     .   (no cloak)
rCorr    .         Rampage  .   (no gloves)
Will     .....                  (no boots)
Stlth    ++........             (no amulet)
HPRegen  0.15/turn              (no ring)
MPRegen  0.14/turn              (no ring)

@: no status effects
A: permanent stasis, dig shafts and tunnels, antennae 3, four strong arms
a: Dig, Shaft Self


You were on level 4 of the Dungeon.
You visited 1 branch of the dungeon, and saw 4 of its levels.

You collected 204 gold pieces.
You spent 72 gold pieces at shops.

Inventory:

Hand Weapons
 n - a +1 short sword of venom
 o - a +1 whip of pain (weapon)
Missiles
 m - a throwing net
Armour
 a - a +0 robe (worn)
 l - a +0 buckler
Scrolls
 b - a scroll of magic mapping {unknown}
 d - 2 scrolls of summoning
 e - a scroll of noise
 g - a scroll of enchant armour {unknown}
Potions
 c - a potion of lignification {unknown}
 f - a potion of attraction {unknown}
 h - a potion of ambrosia {unknown}
 i - a potion of curing {unknown}
 j - a potion of haste {unknown}
 k - a potion of brilliance {unknown}


   Skills:
 + Level 3.3 Dodging
 - Level 2.4 Stealth
 * Level 5.0 Spellcasting
 + Level 0.8 Conjurations
 - Level 1.1 Transmutations
 * Level 7.1 Poison Magic


You had 6 spell levels left.
You knew the following spells:

 Your Spells              Type           Power      Damage    Failure   Level
a - Sting                 Tmut/Pois      68%        1d6       2%          1
b - Poisonous Vapours     Pois/Air       30%        N/A       5%          2
c - Olgreb's Toxic Radia  Pois           26%        N/A       8%          4
d - Mephitic Cloud        Conj/Pois/Air  12%        N/A       16%         3

Your spell library contained the following spells:

 Spells                   Type           Power      Damage    Failure   Level


Dungeon Overview and Level Annotations

Branches:
Dungeon (4/15)
 Temple: D:4-7

Altars:

Shops:
D:1 *


Innate Abilities, Weirdness & Mutations

You cannot be hasted, slowed, berserked, paralysed or teleported.
You can dig through walls and to a lower floor.
You have a pair of large antennae on your head. (SInv)
Your four strong arms can wield two-handed weapons with a shield.


Message History

Your toxic aura wanes.
Casting: Olgreb's Toxic Radiance (quite dangerous; 8% risk of failure)
Confirm with . or Enter, or press ? or * to list all spells.
The spell is quite dangerous to cast (8% risk of failure)!
Continue anyway?
You begin to radiate toxic energy.
The black bear looks even sicker.
The black bear goes berserk!
Your toxic aura wanes.
The black bear misses you. The black bear claws you. x2
There is an escape hatch in the ceiling here.
The black bear closely misses you. The black bear claws you.
The black bear closely misses you.
There is an open door here.
The black bear rages.
The black bear bites you.
The black bear claws you but does no damage.
The black bear barely misses you. The black bear barely misses you.
The black bear claws you but does no damage.
The black bear claws you. The black bear barely misses you.
The black bear claws you. x2
The black bear bites you. The black bear claws you. The black bear misses you.
Casting: Olgreb's Toxic Radiance (quite dangerous; 8% risk of failure)
Confirm with . or Enter, or press ? or * to list all spells.
Aiming: Poisonous Vapours (safe; 5% risk of failure)
Press: ? - help, Dir - move target, f/p - black bear
Aim: a black bear (almost dead, berserk, poisoned) Poisonous vapours surround the black bear!
The black bear looks even sicker.
The black bear bites you!
* * * LOW HITPOINT WARNING * * *
The black bear closely misses you. The black bear claws you.
* * * LOW HITPOINT WARNING * * *
The black bear misses you.
The black bear claws you but does no damage.
The black bear closely misses you. The black bear completely misses you.
The black bear claws you.
* * * LOW HITPOINT WARNING * * *
The black bear claws you.
* * * LOW HITPOINT WARNING * * *
The black bear bites you.
You die...

#...<......>.#....#..#....#.
#............#....#..#....#.
###'##.##.####....#'##..).#.
#....#+##.#......##.#.)...#.
#....#....#.....÷#..#.....#.
#....#....+......#..#.....'.
#....#....#......#..#.†...#.
####....######......####.....#.
#..##........h@..........#####.
#...'....................#.....
#...#....................#.....
#####....................##+##.
#...##########'##......###..##.
#.....#.........#......'....##.
#.....'.........#......#....###
#.....#.......).#......#....##.
#.....##....###)#......#....##.


You could see a black bear (berserk, poisoned).

Vanquished Creatures
  2 scorpions (D:4)
  2 hounds (D:4)
  2 orc priests
  5 orc wizards
  3 adders
  3 gnolls (D:4)
  A worm (D:3)
  3 dart slugs
  7 orcs
  6 ball pythons
  2 endoplasms
  2 giant cockroaches
  6 goblins
  5 hobgoblins
  3 jackals (D:1)
  4 quokkas
  3 bats
  2 frilled lizards
  6 kobolds
  7 rats
74 creatures vanquished.

Vanquished Creatures (collateral kills)
  A kobold (D:4)
1 creature vanquished.

Grand Total: 75 creatures vanquished

Notes
Turn   | Place    | Note
-------+----------+-------------------------------------------
     0 | D:1      | Arum the Formicid Venom Mage began the quest for the Orb.
     0 | D:1      | Reached XP level 1. HP: 13/13 MP: 3/3
    10 | D:1      | Found Giptiuwk's Assorted Antiques.
   269 | D:1      | Reached XP level 2. HP: 11/19 MP: 1/5
   884 | D:1      | Reached XP level 3. HP: 24/24 MP: 4/7
  1075 | D:1      | Bought a purple potion for 22 gold pieces
  1075 | D:1      | Bought a scroll labelled HIUQOWN RUIDIE for 25 gold pieces
  1075 | D:1      | Bought a scroll labelled OMMAET LADUP for 25 gold pieces
  1208 | D:2      | Learned a level 2 spell: Poisonous Vapours
  1918 | D:2      | Reached skill level 5 in Poison Magic
  1918 | D:2      | Reached XP level 4. HP: 9/30 MP: 2/8
  2342 | D:2      | Learned a level 4 spell: Olgreb's Toxic Radiance
  2366 | D:2      | HP: 1/30 [orc (2)]
  2924 | D:3      | Reached XP level 5. HP: 35/35 MP: 7/10
  3366 | D:3      | Found a faded altar of an unknown god.
  3465 | D:3      | Learned a level 3 spell: Mephitic Cloud
  3673 | D:4      | Reached skill level 6 in Poison Magic
  3673 | D:4      | Reached XP level 6. HP: 41/41 MP: 0/12
  4250 | D:4      | Reached XP level 7. HP: 46/46 MP: 3/14
  4522 | D:4      | Reached skill level 5 in Spellcasting
  4522 | D:4      | Reached skill level 7 in Poison Magic
  4849 | D:4      | HP: 1/46 [black bear (3)]
  4851 | D:4      | Slain by a black bear

Illustrated notes

Levels and vault maps discovered:
D:1:      eino_arrival_water_star, layout_basic, serial_shops,
          nicolae_shop_waterfront, skrybe_limestone_x, minmay_tree_intersection
D:2:      layout_rooms, serial_park_tiny_1, hex_medium
D:3:      layout_rooms, basic_ecumenical_altar, hex_tiny
D:4:      layout_gridville

Skill      XL: |  1  2  3  4  5  6  7 |
---------------+----------------------+-----
Dodging        | 2 3 |  3.3
Spellcasting   | 3 4 5 |  5.0
Poison Magic   | 5 6 7 |  7.1
Stealth        | |  2.4
Conjurations   | |  0.8
Transmutations | |  1.1

Action                   |  1- 3 |  4- 6 |  7- 9 || total
-------------------------+-------+-------+-------++-------
Melee: Whip              |    24 |    20 |    10 ||    54
 Cast: Sting             |    43 |    37 |       ||    80
       Poisonous Vapours |       |    25 |     9 ||    34
       Olgreb's Toxic Ra |       |     4 |     5 ||     9
 Abil: Dig               |       |     1 |       ||     1
  Use: Scroll            |       |     6 |       ||     6
Armor: Robe              |    10 |     4 |     8 ||    22
Dodge: Dodged            |    31 |    30 |    22 ||    83
